 Dungeon Crawl Stone Soup version 0.30.0-15-g856e2d3f33 (webtiles) character file.

Game seed: 758577910965815137

1 Jackthecabe the Grasshopper (level 1, -1/16 HPs)
             Began as a Demonspawn Warper on May 20, 2023.
             Slain by a rat (3 damage)
             ... on level 1 of the Dungeon.
             The game lasted 00:00:11 (148 turns).

Jackthecabe the Grasshopper (Demonspawn Warper)      Turns: 148, Time: 00:00:11

Health: -1/16      AC:  3    Str: 11    XL:     1   Next: 16%
Magic:  3/3        EV: 11    Int: 14    God:
Gold:   12         SH:  0    Dex: 12    Spells: 4/4 levels left

rFire   . . .        a - +0 spear
rCold   . . .        (no shield)
rNeg    . . .        b - +0 leather armour
rPois   .            (no helmet)
rElec   .            (no cloak)
rCorr   .            (no gloves)
SInv    .            (no boots)
Will    .....        (no amulet)
Stlth   +            (no ring)
HPRegen 0.22/turn    (no ring)
MPRegen 0.08/turn

%: no passive effects
@: no status effects
A: no striking features
a: no special abilities


You were on level 1 of the Dungeon.
You visited 1 branch of the dungeon, and saw 1 of its levels.

You collected 12 gold pieces.

Inventory:

Hand Weapons
 a - a +0 spear (weapon)
Missiles
 d - 7 boomerangs of dispersal (quivered) {=f}
Armour
 b - a +0 leather armour (worn)
Scrolls
 c - 2 scrolls of blinking {!r!d}
 e - a scroll of noise {unknown}
 f - a scroll of identify {unknown}


   Skills:
 - Level 2.0 Fighting
 + Level 1.9 Polearms
 - Level 0.8 Throwing
 - Level 0.8 Armour
 - Level 1.7 Dodging
 - Level 2.0 Spellcasting
 - Level 2.6 Translocations


You had 4 spell levels left.
You didn't know any spells.
Your spell library contained the following spells:

 Spells                   Type           Power      Damage    Failure   Level
 Blink                    Tloc           16%        N/A       16%         2
 Lesser Beckoning         Tloc           16%        N/A       16%         2
 Teleport Other           Tloc           8%         N/A       30%         3
 Vhi's Electric Charge    Tloc/Air       10%        N/A       47%         3
 Manifold Assault         Tloc           8%         N/A       71%         4


Dungeon Overview and Level Annotations

Branches:
Dungeon (1/15)

Altars:


Message History

Bad channel name 'Jiyva says' for runrest: 'Jiyva says: Divide and consume' Options error: Missing colour in message_colour setting: 'before it is too late' Options error: Missing colour in message_colour setting: 'Shift\-Dir \- straight line' Options error: Missing colour in message_colour setting: 'f \- you' Welcome, Jackthecabe the Demonspawn Warper.
It is said that the Orb of Zot exists deep within this dungeon.
Found a staircase leading out of the dungeon.
You open the door.
There is an open door here.
You open the door.
There is an open door here.
e - a scroll labelled XUOT WEG BUUNK
c - 2 scrolls of blinking {!r!d} (gained 1)
There is an open door here.
You open the door.
There is an open door here.
You open the door.
There is an open door here.
You now have 8 gold pieces.
You open the door.
There is an open door here.
You now have 12 gold pieces (gained 4).
f - a scroll labelled JIXU DI VEV You see here a +0 leather armour.
A rat comes into view.
You see here a golden potion.
A goblin comes into view. It is wielding a +0 club.
The goblin shouts!
You hear an angry hiss.
You barely miss the rat. The rat bites you but does no damage.
You hit the rat. The rat barely misses you.
You barely miss the rat. The rat closely misses you.
You closely miss the rat. The rat bites you but does no damage.
The goblin hits you with a +0 club.
You take 4 damage, and have 12/16 hp.
MASSIVE DAMAGE!!
You barely miss the rat. The rat misses you.
The goblin hits you but does no damage.
You closely miss the rat. The goblin hits you with a +0 club.
The rat bites you.
You take 3 damage, and have 9/16 hp.
The goblin attacks as you move away! The goblin hits you with a +0 club.
You take 2 damage, and have 7/16 hp.
You barely miss the goblin. The goblin hits you but does no damage.
You barely miss the goblin. The goblin hits you with a +0 club.
You take 1 damage, and have 6/16 hp.
You hit the goblin. The goblin hits you but does no damage.
You barely miss the goblin. The goblin completely misses you.
You barely miss the goblin. The goblin closely misses you.
You hit the goblin. The goblin hits you with a +0 club.
You hit the goblin but do no damage. The goblin hits you with a +0 club.
* * * LOW HITPOINT WARNING * * *
You take 2 damage, and have 4/16 hp.
You are too injured to fight recklessly!
You are too injured to fight recklessly!
You are too injured to fight recklessly!
You hit the goblin but do no damage. The goblin closely misses you.
You hit the goblin.
You kill the goblin!
A frilled lizard comes into view.
You hit the rat but do no damage. The rat bites you.
* * * LOW HITPOINT WARNING * * *
You take 1 damage, and have 3/16 hp.
You barely miss the rat. The rat completely misses you.
You closely miss the rat. The rat barely misses you.
You hit the rat. The rat bites you.
* * * LOW HITPOINT WARNING * * *
You take 2 damage, and have 2/16 hp.
You closely miss the rat. The rat bites you.
You die...

...........##.#.#.##........
...........+................
....... ...####.#.#.########
....... ..#.###.#.#.#
###....##.#.....#.#.#
...[...l..#.##....#.#
..........#......##.#
.........!###.##.##..
..........r@...#.####
#####.#...###....# #.#####
##.### #. .# # ##


You could see a frilled lizard and a rat.

Vanquished Creatures
  A goblin (D:1)
1 creature vanquished.

Notes
Turn   | Place    | Note
-------+----------+-------------------------------------------
     0 | D:1      | Jackthecabe the Demonspawn Warper began the quest for the
                  | Orb.
     0 | D:1      | Reached XP level 1. HP: 16/16 MP: 3/3
   131 | D:1      | HP: 6/16 [goblin/+0 club (3)]
   136 | D:1      | HP: 6/16 [goblin/+0 club (2)]
   141 | D:1      | HP: 4/16 [goblin/+0 club (2)]
   147 | D:1      | HP: 2/16 [rat (2)]
   148 | D:1      | Slain by a rat

Illustrated notes

Levels and vault maps discovered:
D:1:      dpeg_arrival_three_smaller_balls, layout_basic, minmay_hexomino_c4

Action                     || total
---------------------------++-------
  Melee: Spear             ||    20
 Armour: Leather armour    ||     5
  Dodge: Dodged            ||     8

Levels and vault maps discovered:
D:1:      dpeg_arrival_three_smaller_balls, layout_basic, minmay_hexomino_c4

Table legend: (Time is in decaauts)
 A = Elapsed time spent in this place.
 B = Non-inter-level travel time spent in this place.
 C = Inter-level travel time spent in this place.
 D = Time resting spent in this place.
 E = Time spent auto-exploring this place.
 F = Levels seen in this place.
 G = Mean time per level.
                   A        B        C        D        E       F      G
               +--------+--------+--------+--------+--------+-----+--------+
         Total |    148 |    148 |      0 |      0 |    118 |   1 |  148.0 |
       Dungeon |    148 |    148 |      0 |      0 |    118 |   1 |  148.0 |
               +--------+--------+--------+--------+--------+-----+--------+

Top non-repeatable levels by time:
     D:1: 148 daAuts

Table legend:
 A = Kills in this place as a percentage of kills in the entire game.
 B = Kills by you in this place as a percentage of kills by you in the entire game.
 C = Kills by friends in this place as a percentage of kills by friends in the entire game.
 D = Other kills in this place as a percentage of other kills in the entire game.
 E = Experience gained in this place as a percentage of experience gained in the entire game.
 F = Experience gained in this place divided by the number of levels of this place that you have seen.
                   A       B       C       D       E      F
               +-------+-------+-------+-------+-------+----------------------
         Total | 100.0 | 100.0 |   N/A |   N/A | 100.0 |   2.0
       Dungeon | 100.0 | 100.0 |   N/A |   N/A | 100.0 |   2.0
               +-------+-------+-------+-------+-------+----------------------
